AoeStats
← Yulego24

Black Forest

510447361Analyzed
2v2 RM · 19h ago on Oct 1, 2026· 27m 48s· 4 players
Game mode
Random Map
Map size
Medium (4 player)
Population
200
Speed
Normal
Resources
Standard
Victory
Conquest
Starting age
Dark Age
Ending age
Imperial Age
RankedLock teamsTeams togetherTeam positionsShared explorationLock speedFull tech treeHidden civsTurbo modeCheats
Victory
Defeat
🇬🇧 Turks · United Kingdom
1015
+17
🇨🇦 Inca · Canada
1013
+17
🇨🇷 Britons · Costa Rica
1046
-17
🇨🇷 Goths · Costa Rica
1026
-17
Actions
1:00 Loom
11:01 Feudal Age
11:09 Champi Runner
11:35 Arson
14:37 Double-Bit Axe
16:54 Horse Collar
17:33 Scale Mail Armor
18:38 Forging
22:26 Castle Age
21:14 Gold Mining
21:18 Stone Mining
21:44 Padded Archer Armor
21:37 Fletching
23:26 Wheelbarrow
23:20 Champi Warrior
24:02 Squires
24:40 Bow Saw
24:45 Crossbowman
26:07 Heavy Plow
27:30 Hand Cart
OLDSCHOOL
0:27 Loom
13:15 Feudal Age
18:04 Castle Age
15:57 Double-Bit Axe
16:03 Gold Mining
22:22 Imperial Age
21:02 Padded Archer Armor
24:56 Leather Archer Armor
27:28 Fletching
Ganito
0:51 Loom
11:28 Feudal Age
17:16 Castle Age
17:14 Double-Bit Axe
17:10 Horse Collar
18:21 Wheelbarrow
18:27 Bow Saw
21:32 Stone Mining
21:35 Gold Mining
25:34 Town Watch
26:30 Heavy Plow
Yulego24
1:04 Loom
12:03 Feudal Age
17:39 Castle Age
15:31 Horse Collar
16:15 Double-Bit Axe
17:45 Fletching
24:42 Scale Barding Armor
25:58 Chain Barding Armor
Connection lost

Rejoining the realm…

Still unreachable

The connection could not be restored.

Session expired

The server has moved on; the page needs a fresh start.